 Dungeon Crawl Stone Soup version 0.28-a0-87-g9a7839dea9 (webtiles) character file.

Game seed: 15088523891584816331

23 ezpacito the Skirmisher (level 2, -6/36 HPs)
             Began as a Demonspawn Abyssal Knight on Aug 6, 2021.
             Was an Initiate of Lugonu.
             Mangled by a worm (10 damage)
             ... on level 2 of the Dungeon.
             The game lasted 00:02:42 (1180 turns).

ezpacito the Skirmisher (Demonspawn Abyssal Knight) Turns: 1180, Time: 00:02:43

Health: -6/36      AC:  3    Str: 12    XL:     2   Next: 75%
Magic:  3/4        EV: 11    Int: 13    God:    Lugonu [......]
Gold:   26         SH:  0    Dex: 12    Spells: 1/1 levels left

rFire   . . .      SeeInvis .   a - +1 hand axe
rCold   . . .      Faith    .   (no shield)
rNeg    . . .      Spirit   .   b - +0 leather armour
rPois   .          Reflect  .   (no helmet)
rElec   .          Harm     .   (no cloak)
rCorr   .          Rampage  .   (no gloves)
Will    .....                   (no boots)
Stlth   ..........              (no amulet)
HPRegen 0.12/turn               (no ring)
MPRegen 0.09/turn               (no ring)

@: berserking (expiring), very quick
A: spiny 1
a: Renounce Religion


You were on level 2 of the Dungeon.
You worshipped Lugonu.
Lugonu was noncommittal.
You visited 1 branch of the dungeon, and saw 2 of its levels.
You visited the Abyss 1 time.

You collected 26 gold pieces.

Inventory:

Hand Weapons
 a - a +1 hand axe (weapon)
Armour
 b - a +0 leather armour (worn)
Scrolls
 d - 2 scrolls of identify
 f - a scroll of amnesia {unknown}
Miscellaneous
 e - a lightning rod (4/4)


   Skills:
 + Level 3.1 Fighting
 * Level 2.1 Axes
 + Level 2.0 Armour
 + Level 1.1 Dodging
 + Level 0.4 Spellcasting
 + Level 2.7 Invocations
 + Level 0.5 Evocations


You had one spell level left.
You didn't know any spells.
Your spell library contained the following spells:

 Spells                   Type           Power      Damage    Failure   Level
 Apportation              Tloc           0%         N/A       36%         1
 Alistair's Intoxication  Tmut/Pois      0%         N/A       100%        5
 Invisibility             Hex            0%         N/A       100%        6


Dungeon Overview and Level Annotations

Branches:
Dungeon (2/15)

Altars:
Qazlal


Innate Abilities, Weirdness & Mutations

You are partially covered in sharp spines.


Message History

Okay, then.
Cleave: a) +1 hand axe
Press: ? - help, Dir - move target, f - endoplasm
Aim: an endoplasm (almost dead, about 14% to evade your +1 hand axe)
You hit the endoplasm.
You kill the endoplasm!
Lugonu accepts your kill. The adder bites you.
* * * LOW HITPOINT WARNING * * *
Cleave: a) +1 hand axe
Press: ? - help, Dir - move target, f - adder
Aim: an adder (about 56% to evade your +1 hand axe)
You hit the adder.
The adder is lightly wounded.
The adder barely misses you.
Cleave: a) +1 hand axe
Press: ? - help, Dir - move target, f/p - adder
Aim: an adder (lightly wounded, about 56% to evade your +1 hand axe)
You slash the adder!
The adder is almost dead.
The adder misses you. The adder bites you.
* * * LOW HITPOINT WARNING * * *
A red film seems to cover your vision as you go berserk!
You feel yourself moving faster!
You feel mighty! The adder is struck by your spines.
You kill the adder!
Lugonu accepts your kill.
A gnoll comes into view. It is wielding a +0 spear.
Unknown command.
You feel a strong urge to attack something.
The gnoll shouts!
You hear a shout!
The kobold is struck by your spines.
You kill the kobold!
Lugonu accepts your kill.
Your Armour skill increases to level 2!
Things that are here:
a +0 short sword; 5 stones; a kobold corpse You feel your anger nearly subside.
The worm bites you!
You die...

#..#### #.....#
##........
###.#.##.##........
#.#..............
#.####.####.##)......#
#....................#
######..###.#........#
#....#.#.w......#
#....#.#.@.......
#.#.....).......#
#.#.##.##.......#
#.#..#.##.......#
#.##.#.##.......# #.
...##.......#
#..###.###### ..># .#
g... .#


You could see a worm.

Vanquished Creatures
  An adder (D:2)
  A dart slug (D:1)
  An endoplasm (D:2)
  A giant cockroach (D:2)
  2 goblins
  A hobgoblin (D:1)
  A quokka (D:1)
  A kobold (D:2)
  3 rats (D:1)
  A spectral hobgoblin (D:1)
13 creatures vanquished.

Vanquished Creatures (others)
  4 toadstools (D:1)
4 creatures vanquished.

Grand Total: 17 creatures vanquished

Notes
Turn   | Place    | Note
-------+----------+-------------------------------------------
     0 | Abyss:1  | ezpacito the Demonspawn Abyssal Knight began the quest for
                  | the Orb.
     0 | Abyss:1  | Reached XP level 1. HP: 18/18 MP: 2/2
    31 | Abyss:2  | Noticed a large abomination
    50 | D:1      | Escaped the Abyss
   442 | D:1      | Found a faded altar of an unknown god.
   724 | D:1      | Reached skill level 1 in Dodging
   728 | D:1      | Gained mutation: You are partially covered in sharp spines.
                  | [demonic ancestry]
   728 | D:1      | Reached XP level 2. HP: 20/24 MP: 3/3
  1136 | D:2      | Found a stormy altar of Qazlal.
  1180 | D:2      | Mangled by a worm

Illustrated notes

Levels and vault maps discovered:
D:1:      ldierk_walled_garden_2, layout_basic,
          dreamdust_ecumenical_altar_drowned_temple
D:2:      layout_basic, basic_altar

Skill      XL: |  1  2 |
---------------+-------+-----
Dodging        | 1 |  1.1
Axes           | 2 |  2.1
Armour         | 2 |  2.0
Fighting       | |  3.1
Spellcasting   | |  0.4
Invocations    | |  2.7
Evocations     | |  0.5

Action                   || total
-------------------------++-------
Melee: Hand axe          ||    48
Invok: Depart the Abyss  ||     1
  Use: Scroll            ||     1
       Potion            ||     1
Armor: Leather armour    ||     9
Dodge: Dodged            ||    30

Table legend: (Time is in decaauts)
 A = Elapsed time spent in this place.
 B = Non-inter-level travel time spent in this place.
 C = Inter-level travel time spent in this place.
 D = Time resting spent in this place.
 E = Time spent auto-exploring this place.
 F = Levels seen in this place.
 G = Mean time per level.
                   A        B        C        D        E       F      G
               +--------+--------+--------+--------+--------+-----+--------+
         Total |   1193 |   1181 |     12 |    136 |    909 |   4 |  298.2 |
       Dungeon |   1143 |   1131 |     12 |    136 |    886 |   2 |  571.5 |
         Abyss |     49 |     49 |      0 |      0 |     23 |   2 |   24.5 |
               +--------+--------+--------+--------+--------+-----+--------+

Top non-repeatable levels by time:
     D:1: 1096 daAuts
     D:2: 47 daAuts
 Abyss:2: 31 daAuts
 Abyss:1: 18 daAuts
